 Dungeon Crawl Stone Soup version 0.31.0-32-g396128a36d (webtiles) character file.

Game seed: 14144544725865232105

42283 TacoSundae the Severer (level 14, -1/118 HPs)
             Began as a Barachi Berserker on Apr 20, 2024.
             Was a High Priest of Trog.
             Succumbed to Rupert's poison
             ... on level 3 of the Lair of Beasts.
             The game lasted 00:37:33 (16673 turns).

TacoSundae the Severer (Barachi Berserker)         Turns: 16673, Time: 00:37:34

Health: -1/118     AC: 13    Str: 23    XL:     14   Next: 19%
Magic:  14/14      EV: 31    Int:  8    God:    Trog [*****.]
Gold:   1052       SH:  0    Dex: 12    Spells: 13/13 levels left

rFire   + . .        a - +1 broad axe (flame)
rCold   . . .        (no shield)
rNeg    . . .        g - +1 steam dragon scales
rPois   .            E - +0 helmet {SInv}
rElec   .            (no cloak)
rCorr   .            v - +1 pair of gloves
SInv    +            (no boots)
Will    +....        r - amulet of the acrobat
Stlth   +            c - ring of protection from fire
HPRegen 0.39/turn    u - +4 ring of slaying
MPRegen 0.14/turn

%: acrobat
@: lethally poisoned (-1 -> -42), on berserk cooldown, acrobatic, slowed, very
slow
A: amphibious, slowness 1, strong legs 2, +LOS
a: Hop, Renounce Religion, Berserk, Trog's Hand, Brothers in Arms


You were on level 3 of the Lair of Beasts.
You worshipped Trog.
Trog was extremely pleased with you.
You visited 3 branches of the dungeon, and saw 16 of its levels.
You also visited: Volcano.

You collected 1052 gold pieces.

Inventory:

Hand Weapons
 a - a +1 broad axe of flaming (weapon)
 b - a +0 battleaxe of protection
 F - a +3 whip of electrocution
Missiles
 d - 5 throwing nets
 l - 10 poisoned darts (quivered)
Armour
 g - +1 steam dragon scales (worn)
 v - a +1 pair of gloves (worn)
 z - a +0 troll leather armour
 C - a +3 leather armour of fire resistance
 E - a +0 helmet of see invisible (worn)
Jewellery
 c - a ring of protection from fire (left hand)
 r - an amulet of the acrobat (around neck)
 t - a ring of flight
 u - a +4 ring of slaying (right hand)
 y - a ring of ice
Wands
 J - a wand of quicksilver (8)
Scrolls
 f - 2 scrolls of enchant armour
 j - 4 scrolls of revelation
 k - 5 scrolls of fog
 o - a scroll of vulnerability
 p - 3 scrolls of teleportation
 A - 2 scrolls of enchant weapon
 B - 2 scrolls of fear
 K - a scroll of identify
Potions
 e - 4 potions of lignification
 h - 2 potions of curing
 i - a potion of invisibility
 m - 2 potions of attraction
 n - 3 potions of heal wounds
 q - 6 potions of enlightenment
 s - 2 potions of mutation
 w - 2 potions of cancellation
 x - a potion of ambrosia
 D - a potion of berserk rage
 G - 2 potions of might
 I - a potion of resistance


   Skills:
 + Level 13.1 Fighting
 * Level 16.8 Axes
 + Level 12.8 Armour
 + Level 10.4 Dodging


You had 13 spell levels left.
You didn't know any spells.
Your spell library was empty.

Dungeon Overview and Level Annotations

Branches:
Dungeon (11/15)            Temple (1/1) D:4            Lair (4/5) D:10
 Shoals (0/4) Lair:2        Snake (0/4) Lair:2          Orc (0/2) D:9
Volcano (visited)
  Slime: Lair:4-5

Altars:
Ashenzari
Cheibriados
Dithmenos
Elyvilon
Fedhas
Gozag
Hepliaklqana
Kikubaaqudgha
Makhleb
Nemelex Xobeh
Okawaru
Qazlal
Ru
Sif Muna
Trog
Uskayaw
Vehumet
Wu Jian
Xom
Yredelemnul
Zin
The Shining One

Shops:
D:1 (?*

Annotations:
D:10 3 runed translucent doors, SchramBam's ghost, journeyman MiFi
D:11 4 transporters
Lair:3 3 runed translucent doors, drollins's ghost, journeyman HOMo


Innate Abilities, Weirdness & Mutations

You are amphibious.
You cover ground slowly.
You can hop long distances.
You have an extended range of vision and can be seen from far away.


Message History

You are more poisoned.
You closely miss Rupert.
Rupert is severely wounded.
You feel very sick.
You closely miss Rupert.
Rupert is severely wounded.
You feel very sick.
Rupert hits you with a +0 great mace of venom!
You are more poisoned.
You slash Rupert! You burn Rupert.
Rupert is severely wounded.
You feel very sick.
Rupert hits you with a +0 great mace of venom.
You are more poisoned.
You slice Rupert!! You burn Rupert.
Rupert is almost dead.
* * * LOW HITPOINT WARNING * * *
You feel very sick.
Rupert hits you with a +0 great mace of venom!!
* * * LOW HITPOINT WARNING * * *
You are more poisoned.
You hit Rupert. You burn Rupert.
Rupert is almost dead.
* * * LOW HITPOINT WARNING * * *
You feel extremely sick.
You slash Rupert! You burn Rupert.
You feel the power of Trog in you as your rage grows.
You kill Rupert!
Trog accepts your kill.
* * * LOW HITPOINT WARNING * * *
You feel extremely sick.
Unknown command.
You are too berserk!
* * * LOW HITPOINT WARNING * * *
You feel extremely sick.
You feel a strong urge to attack something.
You are no longer berserk.
You are exhausted.
You feel yourself slow down.
You die...

. #..### .. ##..#
..###...# ...#...## # #
.. ........###.## .##..
...(..P....#.## .@.#.
..##...##P..#.### .....#
.# #..####...##.##
#.P.... .
##..##.......@####P......
#..##.......)###.P.......
##.......#..#...P.....#
#...#....#.#.##..P.##.#
##.....##.######...#
##....#### ##### #..###
#.### ##


There were no monsters in sight!

Vanquished Creatures
  Rupert (Lair:3)
  Gastronok (Lair:2)
  Fannar (Lair:1)
  A hydra (Lair:2)
  A two-headed ogre (D:8)
  A hell knight (Volcano)
  Nergalle (Lair:1)
  A skyshark (Lair:3)
  2 orc knights
  An ugly thing (D:11)
  2 cyclopes
  A manticore (D:11)
  3 salamanders (Volcano)
  6 molten gargoyles (Volcano)
  A gargoyle (Volcano)
  2 cane toads (Lair:1)
  2 rime drakes
  3 komodo dragons
  2 unseen horrors
  An efreet (Volcano)
  2 hornets
  2 trolls
  8 blink frogs (Lair:2)
  Sigmund (D:3)
  3 wyverns
  A shadow (D:11)
  2 water elementals (D:11)
  23 yaks
  2 basilisks
  A steam dragon (D:3)
  Edmund (D:5)
  A naga (Lair:2)
  Menkaure (D:4)
  2 swamp worms (Lair:2)
  12 water moccasins
  An ice beast (D:5)
  5 orc warriors
  A sky beast (D:5)
  2 black bears
  13 wolves
  2 ogres (D:11)
  A centaur (D:8)
  3 kobold brigands
  A gnoll sergeant (D:10)
  6 bullfrogs
  A scorpion (D:6)
  3 wights (D:6)
  6 killer bees (D:9)
  7 electric eels
  2 howler monkeys
  3 bombardier beetles (D:5)
  9 hounds
  2 jellies
  6 orc priests
  A gnoll bouda (D:5)
  Natasha (thrice) (D:2)
  2 iguanas
  7 orc wizards
  8 gnolls
  5 adders
  A shadow imp (D:6)
  4 white imps
  6 ufetubi
  3 dart slugs (D:4)
  A ribbon worm (D:5)
  45 orcs
  10 endoplasms
  3 giant cockroaches
  13 goblins
  9 hobgoblins
  6 jackals
  17 kobolds
  3 quokkas
  6 ball pythons
  4 bats
  5 frilled lizards
332 creatures vanquished.

Notes
Turn   | Place    | Note
-------+----------+-------------------------------------------
     0 | D:1      | TacoSundae the Barachi Berserker began the quest for the
                  | Orb.
     0 | D:1      | Reached XP level 1. HP: 18/18 MP: 1/1
   119 | D:1      | Reached XP level 2. HP: 25/25 MP: 2/2
   220 | D:1      | Found Nemipiz's Weapon Boutique.
   416 | D:1      | Found Aschacla's Magic Scroll Shoppe.
   433 | D:1      | Found Enuciut's General Store.
   757 | D:1      | Reached XP level 3. HP: 30/30 MP: 3/3
  1012 | D:2      | Reached ** piety under Trog
  1169 | D:2      | Noticed Natasha
  1174 | D:2      | Killed Natasha
  1175 | D:2      | Reached XP level 4. HP: 18/38 MP: 4/4
  1221 | D:2      | Noticed Natasha
  1231 | D:2      | Killed Natasha
  1232 | D:2      | Reached skill level 4 in Axes
  1317 | D:2      | Noticed Natasha
  1329 | D:2      | Killed Natasha
  1330 | D:2      | Reached XP level 5. HP: 14/43 MP: 5/5
  1552 | D:2      | Found a faded altar of an unknown god.
  1697 | D:3      | Noticed Sigmund
  1711 | D:3      | Killed Sigmund
  1712 | D:3      | Reached skill level 5 in Fighting
  1712 | D:3      | Reached XP level 6. HP: 51/51 MP: 6/6
  1995 | D:3      | Noticed a black bear
  2004 | D:3      | Killed a black bear
  2228 | D:3      | Found a glowing silver altar of Zin.
  2228 | D:3      | Noticed a steam dragon
  2238 | D:3      | Killed a steam dragon
  2239 | D:3      | Reached skill level 5 in Axes
  2239 | D:3      | Reached skill level 5 in Armour
  2239 | D:3      | Reached XP level 7. HP: 30/57 MP: 7/7
  2627 | D:4      | Noticed Menkaure
  2638 | D:4      | Killed Menkaure
  2639 | D:4      | Reached skill level 6 in Axes
  2791 | D:4      | Found a staircase to the Ecumenical Temple.
  2834 | Temple   | Entered the Ecumenical Temple
  2983 | D:4      | You fall into a shaft and drop 3 floors!
  3133 | D:6      | Reached skill level 7 in Axes
  3240 | D:6      | Reached XP level 8. HP: 64/64 MP: 8/8
  3303 | D:6      | Found a hide-covered altar of Uskayaw.
  3304 | D:6      | Found a shimmering blue altar of Sif Muna.
  3305 | D:6      | Found an ancient bone altar of Kikubaaqudgha.
  3306 | D:6      | Found a sparkling altar of Nemelex Xobeh.
  3330 | D:6      | Found an iron altar of Okawaru.
  3331 | D:6      | Found an ornate altar of the Wu Jian Council.
  3331 | D:6      | Found a shadowy altar of Dithmenos.
  3429 | D:6      | Reached *** piety under Trog
  3515 | D:5      | Entered Level 5 of the Dungeon
  3536 | D:5      | Noticed Edmund
  3538 | D:5      | Reached skill level 8 in Axes
  3552 | D:5      | Killed Edmund
  3688 | D:5      | Reached skill level 9 in Axes
  3994 | D:5      | Reached skill level 10 in Axes
  4167 | D:5      | Reached XP level 9. HP: 66/69 MP: 9/9
  4523 | D:5      | Reached **** piety under Trog
  5288 | D:6      | Reached skill level 11 in Axes
  6281 | D:8      | Noticed a two-headed ogre
  6287 | D:8      | Killed a two-headed ogre
  6288 | D:8      | Reached skill level 5 in Dodging
  6533 | D:8      | Reached skill level 12 in Axes
  7000 | D:8      | Reached XP level 10. HP: 77/77 MP: 10/10
  8010 | D:9      | HP: 6/120 [poisoned by a hornet]
  8011 | D:9      | Reached skill level 13 in Axes
  8012 | D:9      | HP: 2/80 [poisoned by a hornet]
  8213 | D:9      | Found a staircase to the Orcish Mines.
  8419 | D:9      | Reached ***** piety under Trog
  8577 | D:10     | Entered Level 10 of the Dungeon
  8632 | D:10     | Reached XP level 11. HP: 84/87 MP: 11/11
  8876 | D:10     | Found a staircase to the Lair.
  9053 | D:10     | Found a runed translucent gate.
  9055 | D:10     | Found a runed translucent gate.
  9056 | D:10     | Found a runed translucent gate.
  9059 | D:10     | Noticed SchramBam's ghost (journeyman MiFi)
  9437 | D:10     | Reached skill level 14 in Axes
  9716 | D:11     | Found a transporter.
  9719 | D:11     | Found a transporter.
 10060 | D:11     | Noticed a manticore
 10070 | D:11     | Killed a manticore
 10177 | D:11     | Noticed a brown ugly thing
 10191 | D:11     | Killed a brown ugly thing
 10662 | D:11     | Found a transporter.
 10663 | D:11     | Found a transporter.
 11144 | D:11     | Noticed an orc knight
 11156 | D:11     | Killed an orc knight
 11182 | D:11     | Received a gift from Trog
 11406 | Lair:1   | Entered Level 1 of the Lair of Beasts
 11735 | Lair:1   | Found a dark tunnel.
 11741 | Volcano  | Entered a volcano
 11902 | Volcano  | Noticed a salamander
 11911 | Volcano  | Noticed a salamander
 11924 | Volcano  | Killed a salamander
 11925 | Volcano  | Reached skill level 15 in Axes
 11925 | Volcano  | Reached XP level 12. HP: 71/97 MP: 12/12
 12025 | Volcano  | Reached skill level 10 in Fighting
 12645 | Volcano  | Reached skill level 10 in Armour
 12809 | Volcano  | Noticed a hell knight
 12841 | Volcano  | Killed a hell knight
 13140 | Volcano  | Noticed an orb of fire
 13140 | Volcano  | Noticed an orb of fire
 13587 | Lair:1   | Noticed Nergalle
 13591 | Lair:1   | Killed Nergalle
 13697 | Lair:1   | Noticed Fannar
 13717 | Lair:1   | Killed Fannar
 13837 | Lair:1   | Reached skill level 16 in Axes
 14530 | Lair:2   | Found a staircase to the Snake Pit.
 14603 | Lair:2   | Noticed a four-headed hydra
 14613 | Lair:2   | Killed a one-headed hydra
 14922 | Lair:2   | Gained mutation: You can hop long distances. [Barachi
                  | growth]
 14922 | Lair:2   | Reached XP level 13. HP: 109/109 MP: 13/13
 15138 | Lair:2   | Reached skill level 10 in Dodging
 15378 | Lair:2   | You fall into a shaft and drop 2 floors!
 15383 | Lair:4   | Reached XP level 14. HP: 113/116 MP: 14/14
 15429 | Lair:3   | Found a runed translucent gate.
 15429 | Lair:3   | Found a runed translucent gate.
 15430 | Lair:3   | Found a runed translucent gate.
 15441 | Lair:2   | Noticed Gastronok
 15482 | Lair:2   | Killed Gastronok
 15597 | Lair:2   | Found a staircase to the Shoals.
 16555 | Lair:3   | Noticed drollins's ghost (journeyman HOMo)
 16644 | Lair:3   | Noticed Rupert
 16671 | Lair:3   | Killed Rupert
 16672 | Lair:3   | HP: 7/177 [poisoned by Rupert]
 16673 | Lair:3   | Succumbed to Rupert's poison

Illustrated notes

Levels and vault maps discovered:
D:1:      giann_wishing_wells, layout_loops_ring, serial_shops,
          nicolae_diamond_shop, nicolae_shop_tiny_glass, nicolae_shop_tiny_glass
D:2:      layout_rooms, hellmonk_ecumenical_altar_defaced_shrine, uniq_natasha
D:3:      layout_basic, mainiacjoe_overflow_alcove_4, uniq_sigmund
D:4:      layout_rooms, minmay_temple_entry_waves, uniq_menkaure
D:5:      corexii_shantytown, layout_basic, corexii_shack,
          grunt_decor_arrowhead, uniq_edmund
D:6:      layout_loops_cross, grunt_temple_overflow_open
D:7:      layout_cave_pools
D:8:      layout_layer_cave
D:9:      layout_rooms, orc_0_dummy, nicolae_figureground_pulse
D:10:     layout_basic, erik_lair_island, gammafunk_ghost_necromancy
D:11:     layout_basic, special_room [special_room_orc], nicolae_diode_quadrants
Temple:   nicolae_temple_bog_church
Lair:1:   layout_layer_cave, nicolae_volcano_entry_s_turn, uniq_fannar,
          uniq_nergalle
Lair:2:   layout_regular_city, mainiacjoe_shoals_entry_four_pools,
          guppyfry_snake_entry_island, worms_lemuel, uniq_gastronok
Lair:3:   layout_layer_cave, maelrawn_ghost_gauntlet_escape, lemuel_fruit_tree,
          uniq_rupert
Lair:4:   layout_long_grid, basic_altar

Skill      XL: |  1  2  3  4  5  6  7  8  9 10 11 12 13 14 |
---------------+-------------------------------------------+-----
Fighting       | 4 5 6 8 9 12 13 | 13.1
Armour         | 3 4 5 6 7 9 12 | 12.8
Dodging        | 3 4 5 7 8 9 10 | 10.4
Axes           | 4 5 7 10 12 13 15 16 | 16.8

Action                     |  1- 3 |  4- 6 |  7- 9 | 10-12 | 13-15 || total
---------------------------+-------+-------+-------+-------+-------++-------
  Melee: Hand axe          |    95 |       |       |       |       ||    95
         Punch             |     2 |     1 |     7 |     1 |       ||    11
         Spear             |     7 |    63 |       |       |       ||    70
         Whip              |       |    16 |   330 |       |       ||   346
         Battleaxe         |       |       |    24 |   342 |       ||   366
         Broad axe         |       |       |       |   171 |   122 ||   293
  Throw: Dart              |       |       |       |    12 |       ||    12
 Invoke: Berserk           |     1 |     4 |     6 |     6 |     2 ||    19
         Trog's Hand       |       |       |       |     1 |       ||     1
Ability: Hop               |       |       |       |     2 |       ||     2
  Evoke: Wand              |       |       |       |     6 |       ||     6
    Use: Potion            |       |     4 |       |     3 |       ||     7
         Scroll            |       |       |    15 |     9 |       ||    24
   Stab: Sleeping          |       |     1 |     1 |       |       ||     2
 Armour: Animal skin       |    49 |    38 |       |       |       ||    87
         Steam dragon scal |       |       |   158 |   344 |    59 ||   561
         Skin              |       |       |       |     1 |       ||     1
  Dodge: Dodged            |    66 |    49 |   250 |   336 |    65 ||   766
